← All builds
Geo / Armada / Economy first / OBSERVED BUILD

Standard geo

Armada Geo build order · Supreme Isthmus

The role's usual economy-first play, teching up through geothermal and advanced metal extractor into T2 constructor and Starlight to supply front.

Usually blows up the commander for T2 (67%)

#eco #t2 · 874 distinct matches · 121 players · 55% of Armada Geo games · team won 54% of 981 · Recently observed

HOW TO PLAY IT

Key timing: T2 constructor by 4:55

  1. Open 2 mex and wind, then Bot Lab by 0:35.
  2. Rush geothermal powerplant to fund T2 ahead of other roles.
  3. Get T2 constructor out to start building T2 units.
  4. Add Vehicle Plant and Advanced Geothermal for the T2 push.
  5. Fly first Starlight to front with a transport from Air.

Phase by phase

TYPICAL OF ITS 874 GAMES
  1. 1
  2. 2
  3. 3
  4. 4
PLAY THE OPENING

Follow the example game's first 6:00 step by step: what to build now, what comes next, and where it goes. At 1× it keeps pace with your own game.

  1. 1

    Up to the Bot Lab

    Economy
    • Metal Extractor2Mex
    • Wind Turbine4Wind
    Order
    1. Bot LabBot Lab after 2 mex, 4 winddone ~1:08, middle half 0:58–1:21

    By 0:51 in all: 2 mex · 4 wind

    The example game in this phase · 3 steps
    1. Mex ×2
    2. Wind ×5
    3. Bot LabBot Labdone 1:06 · typical 1:08
  2. 2

    Bot Lab to 5:00

    Economy
    • Metal Extractor2Mex
    • Wind Turbine3Wind
    • Energy Converter8Converter
    • Energy Storage1Energy storage
    Order
    1. Geothermal PowerplantGeo after 4 mex, 5 wind, 1 energy storage
    2. Bot LabEat Bot Lab
    Builders
    • Construction Turret5 Con turret
    • Lazarus4 Lazarus
    • Construction Bot2 Con bot
    • Construction Bot1 Con bot for allies
    • Lazarus1 Lazarus for allies

    By 5:00 in all: 4 mex · 7 wind · 1 geo · 8 converter · 1 energy storage · 5 con turret

    The example game in this phase · 22 steps
    1. LazarusLazarus
    2. Wind
    3. Construction BotCon bot
    4. Wind
    5. LazarusLazarus
    6. Wind
    7. Construction BotCon bot
    8. Mex
    9. LazarusLazarusfor Beach sea
    10. Construction BotCon botfor Beach sea
    11. Mex
    12. LazarusLazarusfor Front
    13. Geothermal PowerplantGeodone 3:32 · typical 3:28
    14. Bot LabEat Bot Labreclaimed for its metal
    15. Con turret
    16. Energy storage ×2
    17. Con turret
    18. Converter ×2
    19. Con turret ×2
    20. Converter ×3
    21. Con turret
    22. Converter ×3
  3. 3

    5:00 to Vehicle Plant

    Order
    1. Advanced Geothermal PowerplantAdvanced Geothermal Powerplant after 8 wind, 10 converter, 6 con turretin 59% of games
    2. Vehicle PlantVehicle Plant after 9 wind, 10 converter, 6 con turretdone ~7:07, middle half 6:41–7:34
    Builders
    • Construction Turret1 Con turret

    Some games also: converter (49%) · wind (47%)

    By 6:59 in all: 4 mex · 10 wind · 1 geo · 1 Advanced Geothermal Powerplant · 10 converter · 1 energy storage

    The example game in this phase · 9 steps
    1. Converter
    2. Con turret
    3. Converter ×7
    4. Con turret
    5. Converter ×4
    6. Advanced Metal ExtractorT2 mex ×2done 6:31 · typical 5:35
    7. Advanced Geothermal PowerplantAdvanced Geothermal Powerplantdone 7:14 · typical 7:09
    8. Advanced Metal ExtractorT2 mex ×2
    9. Vehicle PlantVehicle Plantdone 7:36 · typical 7:07
  4. 4

    Vehicle Plant to 10:00

    Economy
    • Wind Turbine6Wind
    • Energy Converter4Converter
    Order
    1. Advanced Vehicle PlantAdvanced Vehicle Plant after 11 wind, 12 converter, 7 con turret
    2. Vehicle PlantEat Vehicle Plant
    Builders
    • Construction Turret1 Con turret
    • Construction Vehicle1 Con vehicle
    • Advanced Construction Vehicle1 T2 con vehicle for allies
    Army
    • Starlight2 Starlight
    • Umbra1 Jammer
    • Prophet1 Radar vehicle

    Some games also: Jaguar (33%) · Radar Tower (30%)

    By 10:00 in all: 4 mex · 21 wind · 1 geo · 1 Advanced Geothermal Powerplant · 16 converter · 1 energy storage

    The example game in this phase · 68 steps
    1. Construction VehicleCon vehicle
    2. Advanced Vehicle PlantAdvanced Vehicle Plantdone 8:12 · typical 8:03
    3. Vehicle PlantEat Vehicle Plantreclaimed for its metal
    4. Advanced Construction VehicleT2 con vehiclefor Front
    5. Windfor Beach sea
    6. StarlightStarlightnot finished by 15:00 · typical 9:01
    7. Windfor Beach sea
    8. ConsulConsulfor Suicide front
    9. StarlightStarlight
    10. Wind ×2for Beach sea
    11. StarlightStarlight
    12. Wind ×2for Beach sea
    13. StarlightStarlight
    14. Wind ×3for Beach sea
    15. StarlightStarlight
    16. Wind ×2for Beach sea
    17. ConsulConsulfor Beach sea
    18. StarlightStarlight
    19. Windfor Beach sea
    20. Wind ×2
    21. JaguarJaguar
    22. Wind ×2
    23. JaguarJaguar
    24. Wind
    25. JaguarJaguar
    26. Wind ×2
    27. JaguarJaguar
    28. Wind
    29. JaguarJaguar
    30. Wind
    31. JaguarJaguar
    32. Wind
    33. JaguarJaguar
    34. Wind ×2
    35. JaguarJaguar
    36. Wind
    37. JaguarJaguar
    38. Wind ×2
    39. JaguarJaguar
    40. Wind
    41. ProphetRadar vehicle
    42. Wind
    43. UmbraJammer
    44. Wind ×7
    45. ShredderShredderdone 12:05
    46. Wind
    47. Radar TowerRadar Tower
    48. ShredderShredder
    49. Sneaky PeteSneaky Pete
    50. ShredderShredder ×2
    51. Wind
    52. ShredderShredder
    53. Wind ×3
    54. Advanced Construction VehicleT2 con vehicle
    55. Wind ×5
    56. Fusion ReactorFusiondone 14:00
    57. Wind ×2
    58. BeamerBeamer
    59. Wind
    60. BeamerBeamer
    61. Wind ×3
    62. BeamerBeamer ×2
    63. Con turret
    64. PrudePrudedone 14:30
    65. BeamerBeamer
    66. Metal storage
    67. Fusion ReactorFusion
    68. Dragon's TeethDragon's Teeth ×4

Counts are medians over the build's games: half of them build more, half fewer. The example game is Lexosis's (37 OS, 12/10/2026); pick another.

Team trades

IN AT LEAST 30% OF ITS GAMES

You hand over

  • Lazarus1 Lazarus to Beach seafirst at 2:16 · in 78% of games
  • Construction Bot1 Con bot to Beach seafirst at 2:27 · in 88% of games
  • Advanced Construction Vehicle1 T2 con vehicle to Suicide front or Frontfirst at 8:44 · in 64% of games

You get

  • Hercules1 Light transport from Airfirst at 4:21 · in 31% of games
  • Advanced Construction Bot1 T2 con bot from Techfirst at 4:51 · in 95% of games

How it plays out

Typical game of this build, running totals by minute

Metal produced

020k40k
0:005:0010:0015:00

metal

Enemy metal destroyed

05k10k15k
0:005:0010:0015:00

metal

Own metal lost

02k4k6k
0:005:0010:0015:00

metal

981 games.

Show as table
ByMetal produced: This buildEnemy metal destroyed: This buildOwn metal lost: This build
1:0033300
2:0082100
3:00153200
4:00269200
5:00371600
6:00565300
7:00809300
8:0011505042
9:001453754130
10:0017433534260
11:00203811956666
12:002324439161810
13:002603260863209
14:002896885214596
15:0031674105735975
WHAT THE NUMBERS SAY

Standard Geo play wins about half its games while destroying the most enemy metal by 15:00 among the roles shown here.

  • + Enemy metal destroyed jumps to 10560 by 15:00, highest of all six builds.
  • + Starlight makes up 34% of army, delivering the long-range T2 push.
  • − Own metal lost reaches 5977 by 15:00 from the aggressive T2 push.
  • − First Starlight only arrives in 60% of games, a late or inconsistent push.
THE EXAMPLE YOU ARE READING

Lexosis

37.2 OS · 12/10/2026

Open source match ↗

2 received units · includes a constructor
4590 metal received · 42339 energy received

Allied construction assistance is unknown. Timings are observations, not a promise of solo reproducibility.

Typical milestones

Bot Lab1:08Middle 50%: 0:58–1:21 · n=980
Geothermal Powerplant3:28Middle 50%: 3:11–3:44 · n=978
Advanced Metal Extractor5:35Middle 50%: 5:20–5:58 · n=974
Vehicle Plant7:07Middle 50%: 6:41–7:34 · n=947
Advanced Geothermal Powerplant7:09Middle 50%: 6:50–7:39 · n=702
Advanced Vehicle Plant8:03Middle 50%: 7:40–8:38 · n=900
Starlight9:01Middle 50%: 8:31–9:43 · n=801

Played most by

zeus_on_god118games of this build0neTw0110games of this buildXad53games of this buildViltrum46games of this buildDamsko40games of this build